Flyers vs Blackhawks (R1)

Created - May 31, 2017 at 23:07

Goals
1 2 3 OT1 T
Flyers 1 1 2 1 5
Blackhawks 0 3 1 0 4
Shots
1 2 3 OT1 T
Flyers 11 9 12 1 33
Blackhawks 7 19 10 0 36

1st period

1. Flyers , Rostislav Olesz 1 (Jakub Voracek 1) at 7:50 (PP)

Penalties :
Matt Smaby (Phi) for Slashing (Minor) at 1:07, Kyle Brodziak (Chi) for High sticking (Minor) at 7:15, Rostislav Olesz (Phi) for Hooking (Minor) at 14:18

2nd period

2. Blackhawks , Peter Regin 1 (Tomas Fleischmann 1) at 2:37
3. Blackhawks , Tomas Fleischmann 1 (Peter Regin 1, Chad Larose 1) at 11:24
4. Blackhawks , Chad Larose 1 (Kurt Sauer 1, Peter Regin 2) at 16:27
5. Flyers , Kyle Wellwood 1 (Alexei Morozov 2) at 19:53 (SH)

Penalties :
Chris Kreider (Phi) for Cross-checking (Minor) at 12:34, Steve McCarthy (Phi) for Goalie Interference (Minor) at 19:04

3rd period

6. Flyers , Mats Zuccarello 1 (Matthew Lombardi 1, Nathan Paetsch 1) at 12:05
7. Blackhawks , Jason Pominville 1 (Jonathan Toews 2) at 16:00
8. Flyers , Brock Nelson 1 (Matthew Lombardi 2, Jonathan Ericsson 2) at 16:10

Penalties :
Matthew Lombardi (Phi) for Interference (Minor) at 9:29, Alexei Morozov (Phi) for Hooking (Minor) at 16:53, Ryan Hollweg (Chi) for Holding (Minor) at 19:38

Overtime #1

9. Flyers , Mats Zuccarello 2 (Matthew Lombardi 3, Jeff Woywitka 1) at 1:53

Penalties :
No Penalty

Goalie Stats

Cory Schneider (Phi), 32 saves from 36 shots - (0.889), W, 1-0-0, 61:53 minutes
Jimmy Howard (Chi), 28 saves from 33 shots - (0.848), OTL, 0-1-1, 61:53 minutes

Players Stats for Flyers

Player Name              G  A  P  +/- PIM S  H  SB GA TA FO     MP     PP MP  PK MP  
------------------------------------------------------------------------------------
Alexei Morozov           0  1  1  -1  2   4  2  1  0  0  1/3    20:13   1:13   3:10 
Brock Nelson             1  0  1   1  0   1  1  0  0  0  0/0    10:10   0:00   0:22 
Chris Kreider            0  0  0   0  2   1  2  0  0  0  0/0    14:22   0:00   0:56 
Dany Heatley             0  0  0  -2  0   2  1  1  0  1  0/3    24:04   1:13   6:49 
Jakub Voracek            0  1  1   0  0   4  2  0  0  0  0/0    14:39   1:21   0:00 
Jeff Carter              0  0  0  -2  0   3  2  2  1  1  17/37  24:04   1:13   6:49 
Jeff Woywitka            0  1  1  -1  0   0  0  4  0  2  0/0    26:28   1:49   6:03 
Jonathan Ericsson        0  1  1  -1  0   1  2  1  0  2  0/0    28:10   1:49   5:52 
Kyle Wellwood            1  0  1   1  0   2  4  0  0  0  5/12   18:35   1:21   4:03 
Mats Zuccarello          2  0  2   1  0   4  0  0  0  0  0/0    11:39   0:00   1:36 
Matt Smaby               0  0  0  -1  2   1  2  3  0  1  0/0    19:31   0:45   4:51 
Matthew Lombardi         0  3  3   1  2   2  5  0  0  0  5/9    10:21   0:00   0:03 
Nathan Paetsch           0  1  1   3  0   0  1  0  0  1  0/0    14:48   0:00   1:48 
Pavel Kubina             0  0  0   2  0   0  0  0  0  0  0/0    12:56   0:00   0:16 
Rickard Wallin           0  0  0   0  0   0  1  0  0  0  2/2     7:56   0:00   0:00 
Rostislav Olesz          1  0  1   0  2   4  1  0  0  0  0/0     9:42   1:21   0:00 
Stefan Ruzicka           0  0  0   0  0   3  0  0  0  0  0/0     7:56   0:00   0:00 
Steve McCarthy           0  0  0  -2  2   1  2  2  0  3  0/0    21:51   0:45   4:58 

Players Stats for Blackhawks

Player Name              G  A  P  +/- PIM S  H  SB GA TA FO     MP     PP MP  PK MP  
------------------------------------------------------------------------------------
Antoine Roussel          0  0  0   0  0   2  3  1  0  0  1/1    16:00   4:46   0:00 
Carson Mcmillan          0  0  0  -1  0   1  2  1  0  0  0/1     8:56   0:00   0:21 
Chad Larose              1  1  2   2  0   3  0  0  0  0  0/1    11:43   0:15   1:50 
Dave Tanabe              0  0  0  -1  0   0  0  1  0  0  0/0    11:40   0:00   0:00 
Denis Grebeshkov         0  0  0   1  0   2  2  0  1  1  0/0    19:16   4:26   0:00 
Derick Brassard          0  0  0  -1  0   2  2  0  1  0  21/39  23:51   7:02   0:00 
Ian White                0  0  0   0  0   3  0  0  0  0  0/0    30:16   7:28   1:53 
Jason Pominville         1  0  1   0  0   6  0  0  1  0  0/0    17:23   4:37   0:00 
Jonathan Toews           0  1  1  -1  0   3  0  0  3  0  6/8    18:09   4:52   0:21 
Joni Pitkanen            0  0  0   0  0   2  2  1  0  0  0/0    30:16   7:28   1:53 
Kurt Sauer               0  1  1   1  0   0  1  1  0  0  0/0    19:57   4:26   0:41 
Kyle Brodziak            0  0  0   0  2   0  2  0  0  0  1/3     8:19   0:00   0:00 
Oleg Saprykin            0  0  0   0  0   2  3  0  0  0  0/0    12:06   2:10   0:23 
Patrick Kane             0  0  0  -1  0   6  3  0  1  0  1/1    23:51   7:02   0:00 
Peter Regin              1  2  3   2  0   2  0  0  1  0  5/11   10:47   0:00   1:50 
Ryan Hollweg             0  0  0  -2  2   1  1  0  1  0  1/1    18:14   4:58   0:00 
Ryan O'Byrne             0  0  0  -1  0   0  1  1  0  0  0/0    12:21   0:00   0:41 
Tomas Fleischmann        1  1  2   2  0   1  0  1  2  0  0/0    13:44   0:00   0:23 

3 Stars

1 - Peter Regin (Chi)
2 - Mats Zuccarello (Phi)
3 - Tomas Fleischmann (Chi)

Power Play

Flyers - 1 on 2 Attempt(s) - 50.00%
Blackhawks - 0 on 6 Attempt(s) - 0.00%

Penalty Kill

Flyers - 6 on 6 Attempt(s) - 100.00% - Score 1 goal in Penalty Kill
Blackhawks - 1 on 2 Attempt(s) - 50.00% - Score 0 goal in Penalty Kill

Team Stat

Flyers - Hits : 28 - Faceoff Wins : 30 - Blocked Shots : 14 - Penalty Minutes : 12
Blackhawks - Hits : 22 - Faceoff Wins : 36 - Blocked Shots : 7 - Penalty Minutes : 4

Official

Referees : StLaurent Francois and Charron Francis
Linesman : Scott Cherrey and Pierre Racicot

Game Notes

Antoine Roussel is injured at 1:14 of 3rd period (Back)

Finance

Level 1 -- Attendance: 5324 (88.73%) -- Ticket Income $495,132
Level 2 -- Attendance: 4350 (87.00%) -- Ticket Income $252,300
Level 3 -- Attendance: 1512 (75.60%) -- Ticket Income $55,944
Level 4 -- Attendance: 3169 (79.23%) -- Ticket Income $82,394
Luxury Box -- Attendance: 837 (83.70%) -- Ticket Income $144,801
Game was played at the Rexall Place.
Total Attendance: 15192 (84.40%)
Total Ticket Income: $1,030,571
Other Income: $154,586
Total Income: $1,185,157

Flyers

5 vs 5 Forward 
   Center                   Left Wing                Right Wing               Time % Phy DF OF 
 1 Jeff Carter              Dany Heatley             Alexei Morozov           40     1   2  2  
 2 Kyle Wellwood            Chris Kreider            Jakub Voracek            30     1   2  2  
 3 Matthew Lombardi         Brock Nelson             Mats Zuccarello          20     1   2  2  
 4 Rickard Wallin           Rostislav Olesz          Stefan Ruzicka           10     1   2  2  

5 vs 5 Defense 
   Defense                  Defense                                           Time % Phy DF OF 
 1 Jonathan Ericsson        Jeff Woywitka                                     40     1   2  2  
 2 Matt Smaby               Steve McCarthy                                    30     1   2  2  
 3 Pavel Kubina             Nathan Paetsch                                    20     1   2  2  
 4 Steve McCarthy           Jonathan Ericsson                                 10     1   2  2  

PowerPlay Forward 
   Center                   Left Wing                Right Wing               Time % Phy DF OF 
 1 Jeff Carter              Dany Heatley             Alexei Morozov           60     1   2  2  
 2 Kyle Wellwood            Rostislav Olesz          Jakub Voracek            40     1   2  2  

PowerPlay Defense
   Defense                  Defense                                           Time % Phy DF OF 
 1 Jonathan Ericsson        Jeff Woywitka                                     60     1   2  2  
 2 Matt Smaby               Steve McCarthy                                    40     1   2  2  

Penalty Kill 4 Players Forward 
   Center                   Wing                     Time % Phy DF OF 
 1 Jeff Carter              Dany Heatley             60     1   2  2  
 2 Kyle Wellwood            Alexei Morozov           40     1   2  2  

Penalty Kill 4 Players Defense
   Defense                  Defense                  Time % Phy DF OF 
 1 Jonathan Ericsson        Jeff Woywitka            60     1   2  2  
 2 Matt Smaby               Steve McCarthy           40     1   2  2  

Penalty Kill - 3 Players Forward 
   Forward                                           Time % Phy DF OF 
 1 Jeff Carter                                       60     1   2  2  
 2 Dany Heatley                                      40     1   2  2  

Penalty Kill - 3 Players Defense
   Defense                  Defense                  Time % Phy DF OF 
 1 Jonathan Ericsson        Jeff Woywitka            60     1   2  2  
 2 Matt Smaby               Steve McCarthy           40     1   2  2  

4 vs 4 Forward 
   Center                   Wing                     Time % Phy DF OF 
 1 Jeff Carter              Dany Heatley             60     1   2  2  
 2 Kyle Wellwood            Alexei Morozov           40     1   2  2  

4 vs 4 Defense
   Defense                  Defense                  Time % Phy DF OF 
 1 Jonathan Ericsson        Jeff Woywitka            60     1   2  2  
 2 Matt Smaby               Steve McCarthy           40     1   2  2  

Last Minutes Offensive
   Center                   Left Wing                Right Wing               Defense                  Defense                  
   Jeff Carter              Dany Heatley             Alexei Morozov           Jonathan Ericsson        Jeff Woywitka            

Last Minutes Defensive
   Center                   Left Wing                Right Wing               Defense                  Defense                  
   Matthew Lombardi         Dany Heatley             Alexei Morozov           Steve McCarthy           Jeff Woywitka            

Goaltenders
Starting : Cory Schneider           
Backup : Steve Mason              

Extra Forwards
Normal : Matthew Lombardi, Chris Kreider, Mats Zuccarello - PP : Matthew Lombardi, Chris Kreider - PK : Mats Zuccarello
Extra Defensemen
Normal : Pavel Kubina, Nathan Paetsch, Steve McCarthy - PP : Pavel Kubina - PK : Nathan Paetsch, Steve McCarthy
Penalty Shots
Jeff Carter, Dany Heatley, Kyle Wellwood, Alexei Morozov, Rostislav Olesz

Scratches
Jeff O'Neill (Healthy), John-Michael Liles (Healthy)

Blackhawks

5 vs 5 Forward 
   Center                   Left Wing                Right Wing               Time % Phy DF OF 
 1 Derick Brassard          Antoine Roussel          Patrick Kane             40     1   2  2  
 2 Jonathan Toews           Ryan Hollweg             Jason Pominville         30     1   2  2  
 3 Peter Regin              Tomas Fleischmann        Chad Larose              20     1   2  2  
 4 Kyle Brodziak            Oleg Saprykin            Carson Mcmillan          10     1   2  2  

5 vs 5 Defense 
   Defense                  Defense                                           Time % Phy DF OF 
 1 Ian White                Joni Pitkanen                                     40     1   2  2  
 2 Kurt Sauer               Denis Grebeshkov                                  30     1   2  2  
 3 Ryan O'Byrne             Dave Tanabe                                       20     1   2  2  
 4 Ian White                Joni Pitkanen                                     10     1   2  2  

PowerPlay Forward 
   Center                   Left Wing                Right Wing               Time % Phy DF OF 
 1 Derick Brassard          Antoine Roussel          Patrick Kane             60     1   2  2  
 2 Jonathan Toews           Ryan Hollweg             Jason Pominville         40     1   2  2  

PowerPlay Defense
   Defense                  Defense                                           Time % Phy DF OF 
 1 Ian White                Joni Pitkanen                                     60     1   2  2  
 2 Kurt Sauer               Denis Grebeshkov                                  40     1   2  2  

Penalty Kill 4 Players Forward 
   Center                   Wing                     Time % Phy DF OF 
 1 Peter Regin              Chad Larose              60     1   2  2  
 2 Jonathan Toews           Carson Mcmillan          40     1   2  2  

Penalty Kill 4 Players Defense
   Defense                  Defense                  Time % Phy DF OF 
 1 Ian White                Joni Pitkanen            60     1   2  2  
 2 Kurt Sauer               Ryan O'Byrne             40     1   2  2  

Penalty Kill - 3 Players Forward 
   Forward                                           Time % Phy DF OF 
 1 Peter Regin                                       60     1   2  2  
 2 Jonathan Toews                                    40     1   2  2  

Penalty Kill - 3 Players Defense
   Defense                  Defense                  Time % Phy DF OF 
 1 Ian White                Joni Pitkanen            60     1   2  2  
 2 Kurt Sauer               Ryan O'Byrne             40     1   2  2  

4 vs 4 Forward 
   Center                   Wing                     Time % Phy DF OF 
 1 Derick Brassard          Patrick Kane             60     1   2  2  
 2 Jonathan Toews           Antoine Roussel          40     1   2  2  

4 vs 4 Defense
   Defense                  Defense                  Time % Phy DF OF 
 1 Ian White                Joni Pitkanen            60     1   2  2  
 2 Kurt Sauer               Denis Grebeshkov         40     1   2  2  

Last Minutes Offensive
   Center                   Left Wing                Right Wing               Defense                  Defense                  
   Derick Brassard          Antoine Roussel          Patrick Kane             Ian White                Joni Pitkanen            

Last Minutes Defensive
   Center                   Left Wing                Right Wing               Defense                  Defense                  
   Derick Brassard          Antoine Roussel          Patrick Kane             Ian White                Joni Pitkanen            

Goaltenders
Starting : Jimmy Howard             
Backup : Al Montoya               

Extra Forwards
Normal : Tomas Fleischmann, Antoine Roussel, Oleg Saprykin - PP : Patrick Kane, Derick Brassard - PK : Oleg Saprykin
Extra Defensemen
Normal : Joni Pitkanen, Denis Grebeshkov, Kurt Sauer - PP : Joni Pitkanen - PK : Denis Grebeshkov, Kurt Sauer
Penalty Shots
Patrick Kane, Jason Pominville, Derick Brassard, Jonathan Toews, Antoine Roussel

Scratches
Antoine Roussel (Back Injury)

% Time on Ice - Flyers

Lines # - Real PCT - Wanted PCT - Time Play
Normal Forward
1 - 35% - 40% - 16:23
2 - 28% - 30% - 13:18
3 - 21% - 20% - 9:48
4 - 17% - 10% - 7:56
Normal Defense
1 - 42% - 40% - 19:46
2 - 30% - 30% - 14:16
3 - 23% - 20% - 10:52
4 - 5% - 10% - 2:31
PP Forward
1 - 47% - 60% - 1:13
2 - 53% - 40% - 1:21
PP Defense
1 - 71% - 60% - 1:49
2 - 29% - 40% - 0:45
PK Forward
1 - 66% - 60% - 7:51
2 - 34% - 40% - 4:03
PK Defense
1 - 52% - 60% - 6:08
2 - 48% - 40% - 5:46
PK3 Forward
1 - 0% - 60%
2 - 0% - 40%
PK3 Defense
1 - 0% - 60%
2 - 0% - 40%
44 Forward
1 - 0% - 60%
2 - 0% - 40%
44 Defense
1 - 0% - 60%
2 - 0% - 40%
Last Minute Offensive  - 0:00
Last Minute Defensive  - 0:00
Total
Forward - 61:53
Defense - 61:53

% Time on Ice - Blackhawks

Lines # - Real PCT - Wanted PCT - Time Play
Normal Forward
1 - 37% - 40% - 17:22
2 - 27% - 30% - 12:46
3 - 19% - 20% - 8:57
4 - 18% - 10% - 8:20
Normal Defense
1 - 40% - 40% - 18:58
2 - 31% - 30% - 14:50
3 - 25% - 20% - 11:40
4 - 4% - 10% - 1:57
PP Forward
1 - 61% - 60% - 7:17
2 - 39% - 40% - 4:37
PP Defense
1 - 63% - 60% - 7:28
2 - 37% - 40% - 4:26
PK Forward
1 - 86% - 60% - 2:13
2 - 14% - 40% - 0:21
PK Defense
1 - 73% - 60% - 1:53
2 - 27% - 40% - 0:41
PK3 Forward
1 - 0% - 60%
2 - 0% - 40%
PK3 Defense
1 - 0% - 60%
2 - 0% - 40%
44 Forward
1 - 0% - 60%
2 - 0% - 40%
44 Defense
1 - 0% - 60%
2 - 0% - 40%
Last Minute Offensive  - 0:00
Last Minute Defensive  - 0:00
Total
Forward - 61:53
Defense - 61:53

Play by Play

1st period


0:01 of 1st period - Jeff Carter wins face-off versus Derick Brassard in neutral zone.
0:08 of 1st period - Icing by Ian White.
0:09 of 1st period - Jeff Carter wins face-off versus Derick Brassard in Blackhawks zone.
0:42 of 1st period - Wrist shot by Jeff Carter.
0:42 of 1st period - Shot Misses the Net.
0:44 of 1st period - Slapshot by Jonathan Ericsson.
0:44 of 1st period - Deflect By Joni Pitkanen.
0:44 of 1st period - Stopped by Jimmy Howard without a rebound.
0:45 of 1st period - Jonathan Toews wins face-off versus Kyle Wellwood in Blackhawks zone.
1:07 of 1st period - Minor Penalty to Matt Smaby for Slashing.
1:08 of 1st period - Derick Brassard wins face-off versus Jeff Carter in Flyers zone.
1:17 of 1st period - Wrist shot by Derick Brassard.
1:17 of 1st period - Shot Misses the Net.
1:39 of 1st period - Snap shot by Jonathan Toews.
1:39 of 1st period - Stopped by Cory Schneider without a rebound.
1:40 of 1st period - Jonathan Toews wins face-off versus Jeff Carter in Flyers zone.
2:20 of 1st period - Slapshot by Antoine Roussel.
2:20 of 1st period - Stopped by Cory Schneider with a rebound.
2:22 of 1st period - Wrist shot by Derick Brassard.
2:22 of 1st period - Shot Blocked by Alexei Morozov.
3:07 of 1st period - Penalty to Matt Smaby is over, Matt Smaby is back on ice.
3:33 of 1st period - Jonathan Ericsson is hit by Oleg Saprykin and loses puck.
3:42 of 1st period - Snap shot by Kyle Brodziak.
3:42 of 1st period - Shot Misses the Net.
3:44 of 1st period - Slapshot by Oleg Saprykin.
3:44 of 1st period - Shot Misses the Net.
4:14 of 1st period - Snap shot by Stefan Ruzicka.
4:14 of 1st period - Stopped by Jimmy Howard without a rebound.
4:15 of 1st period - Derick Brassard wins face-off versus Dany Heatley in Blackhawks zone.
4:30 of 1st period - Kurt Sauer is hit by Nathan Paetsch and loses puck.
4:47 of 1st period - Snap shot by Kyle Wellwood.
4:47 of 1st period - Stopped by Jimmy Howard without a rebound.
4:48 of 1st period - Jonathan Toews wins face-off versus Kyle Wellwood in Blackhawks zone.
4:48 of 1st period - Jonathan Toews is hit by Steve McCarthy.
5:23 of 1st period - Slapshot by Patrick Kane.
5:23 of 1st period - Stopped by Cory Schneider with a rebound.
5:25 of 1st period - Backhand shot by Kurt Sauer.
5:25 of 1st period - Deflect By Patrick Kane.
5:25 of 1st period - Shot Blocked by Steve McCarthy.
5:25 of 1st period - Puck is out of play.
5:26 of 1st period - Jonathan Toews wins face-off versus Matthew Lombardi in Flyers zone.
6:03 of 1st period - Slapshot by Dany Heatley.
6:03 of 1st period - Shot Misses the Net.
6:21 of 1st period - Snap shot by Patrick Kane.
6:21 of 1st period - Shot Misses the Net.
6:23 of 1st period - Snap shot by Patrick Kane.
6:23 of 1st period - Shot Misses the Net.
6:25 of 1st period - Snap shot by Antoine Roussel.
6:25 of 1st period - Shot Misses the Net.
6:27 of 1st period - Snap shot by Antoine Roussel.
6:27 of 1st period - Shot Misses the Net.
7:15 of 1st period - Minor Penalty to Kyle Brodziak for High sticking.
7:16 of 1st period - Jeff Carter wins face-off versus Peter Regin in Blackhawks zone.
7:43 of 1st period - Joni Pitkanen is hit by Kyle Wellwood and loses puck.
7:50 of 1st period - Wrist shot by Rostislav Olesz.
7:50 of 1st period - Goal by Rostislav Olesz - Flyers : 1 - Blackhawks : 0.
7:51 of 1st period - Derick Brassard wins face-off versus Jeff Carter in neutral zone.
7:53 of 1st period - Off-side.
7:54 of 1st period - Patrick Kane wins face-off versus Jeff Carter in neutral zone.
8:01 of 1st period - Wrist shot by Alexei Morozov.
8:01 of 1st period - Stopped by Jimmy Howard with a rebound.
8:03 of 1st period - Snap shot by Dany Heatley.
8:03 of 1st period - Deflect By Jeff Carter.
8:03 of 1st period - Stopped by Jimmy Howard without a rebound.
8:04 of 1st period - Derick Brassard wins face-off versus Alexei Morozov in Blackhawks zone.
8:13 of 1st period - Off-side.
8:14 of 1st period - Jeff Carter wins face-off versus Derick Brassard in neutral zone.
8:54 of 1st period - Slapshot by Antoine Roussel.
8:54 of 1st period - Shot Blocked by Steve McCarthy.
8:56 of 1st period - Wrist shot by Joni Pitkanen.
8:56 of 1st period - Shot Misses the Net.
8:58 of 1st period - Wrist shot by Derick Brassard.
8:58 of 1st period - Shot Misses the Net.
9:02 of 1st period - Wrist shot by Derick Brassard.
9:02 of 1st period - Stopped by Cory Schneider with a rebound.
9:06 of 1st period - Snap shot by Patrick Kane.
9:06 of 1st period - Shot Blocked by Matt Smaby.
9:08 of 1st period - Slapshot by Joni Pitkanen.
9:08 of 1st period - Stopped by Cory Schneider with a rebound.
9:10 of 1st period - Slapshot by Joni Pitkanen.
9:10 of 1st period - Shot Misses the Net.
9:12 of 1st period - Slapshot by Patrick Kane.
9:12 of 1st period - Shot Misses the Net.
9:14 of 1st period - Wrist shot by Patrick Kane.
9:14 of 1st period - Deflect By Derick Brassard.
9:14 of 1st period - Shot Misses the Net.
9:14 of 1st period - Puck is out of play.
9:15 of 1st period - Ryan Hollweg wins face-off versus Kyle Wellwood in Flyers zone.
9:36 of 1st period - Jonathan Ericsson is hit by Ryan O'Byrne and loses puck.
9:47 of 1st period - Chris Kreider is hit by Kyle Brodziak and loses puck.
10:12 of 1st period - Slapshot by Jakub Voracek.
10:12 of 1st period - Stopped by Jimmy Howard without a rebound.
10:13 of 1st period - Matthew Lombardi wins face-off versus Peter Regin in Blackhawks zone.
10:16 of 1st period - Slapshot by Mats Zuccarello.
10:16 of 1st period - Stopped by Jimmy Howard without a rebound.
10:17 of 1st period - Matthew Lombardi wins face-off versus Chad Larose in Blackhawks zone.
10:28 of 1st period - Snap shot by Peter Regin.
10:28 of 1st period - Shot Misses the Net.
11:27 of 1st period - Jeff Woywitka is hit by Kurt Sauer and loses puck.
11:46 of 1st period - Denis Grebeshkov is hit by Jonathan Ericsson and loses puck.
11:55 of 1st period - Slapshot by Jakub Voracek.
11:55 of 1st period - Stopped by Jimmy Howard without a rebound.
11:56 of 1st period - Derick Brassard wins face-off versus Jeff Carter in Blackhawks zone.
11:56 of 1st period - Derick Brassard is hit by Jeff Carter.
12:04 of 1st period - Alexei Morozov is hit by Derick Brassard and loses puck.
12:09 of 1st period - Wrist shot by Patrick Kane.
12:09 of 1st period - Shot Misses the Net.
12:11 of 1st period - Slapshot by Ian White.
12:11 of 1st period - Stopped by Cory Schneider with a rebound.
12:13 of 1st period - Wrist shot by Derick Brassard.
12:13 of 1st period - Shot Misses the Net.
13:03 of 1st period - Off-side.
13:04 of 1st period - Rickard Wallin wins face-off versus Carson Mcmillan in neutral zone.
13:13 of 1st period - Backhand shot by Rostislav Olesz.
13:13 of 1st period - Shot Misses the Net.
13:31 of 1st period - Snap shot by Jonathan Toews.
13:31 of 1st period - Shot Misses the Net.
14:10 of 1st period - Snap shot by Stefan Ruzicka.
14:10 of 1st period - Stopped by Jimmy Howard with a rebound.
14:18 of 1st period - Minor Penalty to Rostislav Olesz for Hooking.
14:19 of 1st period - Jeff Carter wins face-off versus Derick Brassard in Flyers zone.
14:19 of 1st period - Jeff Carter is hit by Denis Grebeshkov.
15:33 of 1st period - Wrist shot by Chris Kreider.
15:33 of 1st period - Shot Blocked by Antoine Roussel.
15:52 of 1st period - Kurt Sauer is hit by Alexei Morozov and loses puck.
16:18 of 1st period - Penalty to Rostislav Olesz is over, Rostislav Olesz is back on ice.
16:50 of 1st period - Pavel Kubina is hit by Carson Mcmillan and loses puck.
18:01 of 1st period - Kurt Sauer is hit by Matthew Lombardi and loses puck.
18:18 of 1st period - Off-side.
18:19 of 1st period - Kyle Wellwood wins face-off versus Peter Regin in neutral zone.
18:22 of 1st period - Wrist shot by Chris Kreider.
18:22 of 1st period - Stopped by Jimmy Howard without a rebound.
18:23 of 1st period - Kyle Wellwood wins face-off versus Peter Regin in Blackhawks zone.
18:48 of 1st period - Ryan O'Byrne is hit by Steve McCarthy.
19:18 of 1st period - Slapshot by Jason Pominville.
19:18 of 1st period - Shot Misses the Net.
19:20 of 1st period - Wrist shot by Jason Pominville.
19:20 of 1st period - Stopped by Cory Schneider with a rebound.
19:38 of 1st period - Kyle Brodziak is hit by Matt Smaby and loses puck.
Goals for this period are 1 for Flyers vs 0 for Blackhawks.
Shots for this period are 11 for Flyers vs 7 for Blackhawks.

2nd period


0:01 of 2nd period - Antoine Roussel wins face-off versus Jeff Carter in neutral zone.
0:15 of 2nd period - Off-side.
0:16 of 2nd period - Jonathan Toews wins face-off versus Kyle Wellwood in neutral zone.
0:26 of 2nd period - Off-side.
0:27 of 2nd period - Derick Brassard wins face-off versus Jeff Carter in neutral zone.
1:00 of 2nd period - Wrist shot by Joni Pitkanen.
1:00 of 2nd period - Stopped by Cory Schneider with a rebound.
1:02 of 2nd period - Slapshot by Ian White.
1:02 of 2nd period - Stopped by Cory Schneider with a rebound.
1:04 of 2nd period - Slapshot by Ryan Hollweg.
1:04 of 2nd period - Stopped by Cory Schneider with a rebound.
1:16 of 2nd period - Steve McCarthy is hit by Oleg Saprykin and loses puck.
1:21 of 2nd period - Slapshot by Oleg Saprykin.
1:21 of 2nd period - Shot Misses the Net.
1:23 of 2nd period - Slapshot by Denis Grebeshkov.
1:23 of 2nd period - Shot Misses the Net.
1:25 of 2nd period - Wrist shot by Carson Mcmillan.
1:25 of 2nd period - Stopped by Cory Schneider without a rebound.
1:26 of 2nd period - Jeff Carter wins face-off versus Derick Brassard in Flyers zone.
1:26 of 2nd period - Jeff Carter is hit by Antoine Roussel.
2:19 of 2nd period - Slapshot by Ryan Hollweg.
2:19 of 2nd period - Shot Misses the Net.
2:21 of 2nd period - Slapshot by Denis Grebeshkov.
2:21 of 2nd period - Stopped by Cory Schneider without a rebound.
2:22 of 2nd period - Peter Regin wins face-off versus Jeff Carter in Flyers zone.
2:37 of 2nd period - Wrist shot by Peter Regin.
2:37 of 2nd period - Goal by Peter Regin - Flyers : 1 - Blackhawks : 1.
2:38 of 2nd period - Jeff Carter wins face-off versus Derick Brassard in neutral zone.
2:47 of 2nd period - Slapshot by Ian White.
2:47 of 2nd period - Shot Misses the Net.
2:53 of 2nd period - Wrist shot by Patrick Kane.
2:53 of 2nd period - Deflect By Antoine Roussel.
2:53 of 2nd period - Shot Blocked by Jeff Woywitka.
2:53 of 2nd period - Puck is out of play.
2:54 of 2nd period - Kyle Wellwood wins face-off versus Jonathan Toews in Flyers zone.
3:19 of 2nd period - Jeff Carter is hit by Patrick Kane.
3:26 of 2nd period - Icing by Steve McCarthy.
3:27 of 2nd period - Alexei Morozov wins face-off versus Derick Brassard in Flyers zone.
3:36 of 2nd period - Snap shot by Alexei Morozov.
3:36 of 2nd period - Shot Misses the Net.
3:38 of 2nd period - Slapshot by Jonathan Ericsson.
3:38 of 2nd period - Shot Misses the Net.
3:40 of 2nd period - Snap shot by Steve McCarthy.
3:40 of 2nd period - Stopped by Jimmy Howard without a rebound.
3:41 of 2nd period - Jeff Carter wins face-off versus Derick Brassard in Blackhawks zone.
4:17 of 2nd period - Slapshot by Jeff Carter.
4:17 of 2nd period - Shot Misses the Net.
5:20 of 2nd period - Slapshot by Rostislav Olesz.
5:20 of 2nd period - Shot Misses the Net.
5:22 of 2nd period - Snap shot by Rostislav Olesz.
5:22 of 2nd period - Stopped by Jimmy Howard with a rebound.
5:24 of 2nd period - Slapshot by Matt Smaby.
5:24 of 2nd period - Stopped by Jimmy Howard with a rebound.
5:44 of 2nd period - Wrist shot by Peter Regin.
5:44 of 2nd period - Stopped by Cory Schneider with a rebound.
6:33 of 2nd period - Snap shot by Oleg Saprykin.
6:33 of 2nd period - Stopped by Cory Schneider without a rebound.
6:34 of 2nd period - Kyle Brodziak wins face-off versus Jeff Carter in Flyers zone.
6:35 of 2nd period - Slapshot by Oleg Saprykin.
6:35 of 2nd period - Shot Blocked by Matt Smaby.
6:37 of 2nd period - Slapshot by Ian White.
6:37 of 2nd period - Deflect By Kyle Brodziak.
6:37 of 2nd period - Shot Misses the Net.
6:37 of 2nd period - Puck is out of play.
6:38 of 2nd period - Derick Brassard wins face-off versus Alexei Morozov in Flyers zone.
7:32 of 2nd period - Jeff Woywitka is hit by Oleg Saprykin and loses puck.
8:50 of 2nd period - Ryan O'Byrne is hit by Matthew Lombardi and loses puck.
9:09 of 2nd period - Slapshot by Matt Smaby.
9:09 of 2nd period - Shot Blocked by Dave Tanabe.
9:11 of 2nd period - Wrist shot by Rostislav Olesz.
9:11 of 2nd period - Stopped by Jimmy Howard with a rebound.
9:19 of 2nd period - Wrist shot by Rostislav Olesz.
9:19 of 2nd period - Shot Blocked by Ryan O'Byrne.
9:21 of 2nd period - Slapshot by Stefan Ruzicka.
9:21 of 2nd period - Shot Misses the Net.
9:33 of 2nd period - Chris Kreider is hit by Antoine Roussel and loses puck.
10:02 of 2nd period - Slapshot by Jeff Carter.
10:02 of 2nd period - Stopped by Jimmy Howard with a rebound.
10:28 of 2nd period - Wrist shot by Matthew Lombardi.
10:28 of 2nd period - Stopped by Jimmy Howard without a rebound.
10:29 of 2nd period - Jeff Carter wins face-off versus Derick Brassard in Blackhawks zone.
10:55 of 2nd period - Jeff Woywitka is hit by Joni Pitkanen and loses puck.
11:14 of 2nd period - Slapshot by Ian White.
11:14 of 2nd period - Shot Misses the Net.
11:20 of 2nd period - Snap shot by Chad Larose.
11:20 of 2nd period - Stopped by Cory Schneider with a rebound.
11:22 of 2nd period - Wrist shot by Peter Regin.
11:22 of 2nd period - Shot Misses the Net.
11:24 of 2nd period - Wrist shot by Tomas Fleischmann.
11:24 of 2nd period - Goal by Tomas Fleischmann - Flyers : 1 - Blackhawks : 2.
11:25 of 2nd period - Jeff Carter wins face-off versus Derick Brassard in neutral zone.
12:02 of 2nd period - Ryan Hollweg is hit by Jakub Voracek and loses puck.
12:09 of 2nd period - Jakub Voracek is hit by Ryan Hollweg.
12:10 of 2nd period - Icing by Jakub Voracek.
12:11 of 2nd period - Derick Brassard wins face-off versus Kyle Wellwood in Flyers zone.
12:14 of 2nd period - Snap shot by Patrick Kane.
12:14 of 2nd period - Shot Blocked by Jeff Woywitka.
12:34 of 2nd period - Minor Penalty to Chris Kreider for Cross-checking.
12:35 of 2nd period - Derick Brassard wins face-off versus Jeff Carter in Flyers zone.
12:45 of 2nd period - Snap shot by Derick Brassard.
12:45 of 2nd period - Deflect By Patrick Kane.
12:45 of 2nd period - Stopped by Cory Schneider without a rebound.
12:46 of 2nd period - Derick Brassard wins face-off versus Jeff Carter in Flyers zone.
13:01 of 2nd period - Wrist shot by Patrick Kane.
13:01 of 2nd period - Deflect By Jeff Woywitka.
13:01 of 2nd period - Stopped by Cory Schneider with a rebound.
13:03 of 2nd period - Slapshot by Joni Pitkanen.
13:03 of 2nd period - Shot Blocked by Jeff Carter.
14:20 of 2nd period - Kyle Wellwood is hit by Antoine Roussel and loses puck.
14:34 of 2nd period - Penalty to Chris Kreider is over, Chris Kreider is back on ice.
14:41 of 2nd period - Slapshot by Rostislav Olesz.
14:41 of 2nd period - Stopped by Jimmy Howard with a rebound.
15:02 of 2nd period - Tomas Fleischmann is hit by Chris Kreider and loses puck.
15:25 of 2nd period - Ian White is hit by Matthew Lombardi and loses puck.
15:32 of 2nd period - Steve McCarthy is hit by Carson Mcmillan and loses puck.
16:25 of 2nd period - Snap shot by Peter Regin.
16:25 of 2nd period - Shot Blocked by Jeff Woywitka.
16:27 of 2nd period - Slapshot by Kurt Sauer.
16:27 of 2nd period - Deflect By Chad Larose.
16:27 of 2nd period - Goal by Chad Larose - Flyers : 1 - Blackhawks : 3.
16:28 of 2nd period - Derick Brassard wins face-off versus Jeff Carter in neutral zone.
16:33 of 2nd period - Slapshot by Denis Grebeshkov.
16:33 of 2nd period - Shot Misses the Net.
17:06 of 2nd period - Jason Pominville is hit by Chris Kreider and loses puck.
17:32 of 2nd period - Denis Grebeshkov is hit by Kyle Wellwood and loses puck.
17:41 of 2nd period - Wrist shot by Jonathan Toews.
17:41 of 2nd period - Shot Misses the Net.
17:43 of 2nd period - Slapshot by Denis Grebeshkov.
17:43 of 2nd period - Shot Misses the Net.
17:45 of 2nd period - Wrist shot by Jonathan Toews.
17:45 of 2nd period - Stopped by Cory Schneider without a rebound.
17:46 of 2nd period - Jeff Carter wins face-off versus Derick Brassard in Flyers zone.
17:55 of 2nd period - Snap shot by Antoine Roussel.
17:55 of 2nd period - Stopped by Cory Schneider without a rebound.
17:56 of 2nd period - Derick Brassard wins face-off versus Jeff Carter in Flyers zone.
17:59 of 2nd period - Wrist shot by Patrick Kane.
17:59 of 2nd period - Stopped by Cory Schneider with a rebound.
18:13 of 2nd period - Wrist shot by Patrick Kane.
18:13 of 2nd period - Stopped by Cory Schneider without a rebound.
18:14 of 2nd period - Peter Regin wins face-off versus Matthew Lombardi in Flyers zone.
18:39 of 2nd period - Alexei Morozov is hit by Joni Pitkanen and loses puck.
18:52 of 2nd period - Snap shot by Jason Pominville.
18:52 of 2nd period - Stopped by Cory Schneider without a rebound.
18:53 of 2nd period - Kyle Wellwood wins face-off versus Derick Brassard in Flyers zone.
18:53 of 2nd period - Kyle Wellwood is hit by Patrick Kane.
19:03 of 2nd period - Snap shot by Jakub Voracek.
19:03 of 2nd period - Stopped by Jimmy Howard with a rebound.
19:04 of 2nd period - Minor Penalty to Steve McCarthy for Goalie Interference.
19:05 of 2nd period - Derick Brassard wins face-off versus Jeff Carter in Flyers zone.
19:06 of 2nd period - Wrist shot by Patrick Kane.
19:06 of 2nd period - Deflect By Derick Brassard.
19:06 of 2nd period - Stopped by Cory Schneider without a rebound.
19:07 of 2nd period - Jeff Carter wins face-off versus Derick Brassard in Flyers zone.
19:53 of 2nd period - Snap shot by Kyle Wellwood.
19:53 of 2nd period - Goal by Kyle Wellwood - Flyers : 2 - Blackhawks : 3.
19:54 of 2nd period - Jeff Carter wins face-off versus Derick Brassard in neutral zone.
Goals for this period are 1 for Flyers vs 3 for Blackhawks.
Shots for this period are 9 for Flyers vs 19 for Blackhawks.

3rd period


0:01 of 3rd period - Jeff Carter wins face-off versus Derick Brassard in neutral zone.
0:06 of 3rd period - Antoine Roussel is hit by Jonathan Ericsson and loses puck.
0:37 of 3rd period - Snap shot by Jonathan Toews.
0:37 of 3rd period - Shot Misses the Net.
0:39 of 3rd period - Slapshot by Ryan Hollweg.
0:39 of 3rd period - Shot Misses the Net.
0:41 of 3rd period - Slapshot by Ian White.
0:41 of 3rd period - Shot Misses the Net.
1:04 of 3rd period - Penalty to Steve McCarthy is over, Steve McCarthy is back on ice.
1:13 of 3rd period - Antoine Roussel is hit by Brock Nelson.
1:14 of 3rd period - Antoine Roussel from Blackhawks is injured at 1:14 of 3rd period (Back).
1:15 of 3rd period - Jeff Carter wins face-off versus Derick Brassard in neutral zone.
1:26 of 3rd period - Wrist shot by Alexei Morozov.
1:26 of 3rd period - Stopped by Jimmy Howard with a rebound.
1:31 of 3rd period - Off-side.
1:32 of 3rd period - Kyle Wellwood wins face-off versus Jonathan Toews in neutral zone.
1:35 of 3rd period - Ian White is hit by Kyle Wellwood and loses puck.
2:28 of 3rd period - Slapshot by Matthew Lombardi.
2:28 of 3rd period - Stopped by Jimmy Howard with a rebound.
3:17 of 3rd period - Wrist shot by Chad Larose.
3:17 of 3rd period - Stopped by Cory Schneider without a rebound.
3:18 of 3rd period - Peter Regin wins face-off versus Jeff Carter in Flyers zone.
3:29 of 3rd period - Wrist shot by Dany Heatley.
3:29 of 3rd period - Stopped by Jimmy Howard with a rebound.
3:37 of 3rd period - Snap shot by Jeff Carter.
3:37 of 3rd period - Stopped by Jimmy Howard without a rebound.
3:38 of 3rd period - Derick Brassard wins face-off versus Kyle Wellwood in Blackhawks zone.
4:35 of 3rd period - Carson Mcmillan is hit by Kyle Wellwood and loses puck.
4:45 of 3rd period - Icing by Steve McCarthy.
4:46 of 3rd period - Jeff Carter wins face-off versus Derick Brassard in Flyers zone.
5:01 of 3rd period - Wrist shot by Alexei Morozov.
5:01 of 3rd period - Stopped by Jimmy Howard with a rebound.
5:03 of 3rd period - Wrist shot by Jeff Carter.
5:03 of 3rd period - Shot Blocked by Kurt Sauer.
5:43 of 3rd period - Snap shot by Jonathan Toews.
5:43 of 3rd period - Shot Misses the Net.
5:45 of 3rd period - Wrist shot by Jason Pominville.
5:45 of 3rd period - Stopped by Cory Schneider with a rebound.
5:47 of 3rd period - Snap shot by Kurt Sauer.
5:47 of 3rd period - Shot Blocked by Jonathan Ericsson.
5:49 of 3rd period - Snap shot by Jason Pominville.
5:49 of 3rd period - Stopped by Cory Schneider with a rebound.
5:51 of 3rd period - Slapshot by Denis Grebeshkov.
5:51 of 3rd period - Stopped by Cory Schneider with a rebound.
6:01 of 3rd period - Ian White is hit by Alexei Morozov and loses puck.
7:00 of 3rd period - Wrist shot by Mats Zuccarello.
7:00 of 3rd period - Stopped by Jimmy Howard without a rebound.
7:01 of 3rd period - Rickard Wallin wins face-off versus Kyle Brodziak in Blackhawks zone.
7:02 of 3rd period - Snap shot by Stefan Ruzicka.
7:02 of 3rd period - Stopped by Jimmy Howard with a rebound.
7:12 of 3rd period - Rostislav Olesz is hit by Kyle Brodziak and loses puck.
7:43 of 3rd period - Kurt Sauer is hit by Jakub Voracek.
8:17 of 3rd period - Snap shot by Derick Brassard.
8:17 of 3rd period - Shot Misses the Net.
8:25 of 3rd period - Derick Brassard is hit by Rostislav Olesz.
9:01 of 3rd period - Wrist shot by Ian White.
9:01 of 3rd period - Shot Blocked by Jeff Woywitka.
9:07 of 3rd period - Snap shot by Jason Pominville.
9:07 of 3rd period - Stopped by Cory Schneider with a rebound.
9:17 of 3rd period - Jakub Voracek is hit by Patrick Kane and loses puck.
9:29 of 3rd period - Minor Penalty to Matthew Lombardi for Interference.
9:30 of 3rd period - Derick Brassard wins face-off versus Jeff Carter in Flyers zone.
9:38 of 3rd period - Slapshot by Derick Brassard.
9:38 of 3rd period - Shot Blocked by Matt Smaby.
9:40 of 3rd period - Wrist shot by Oleg Saprykin.
9:40 of 3rd period - Stopped by Cory Schneider without a rebound.
9:41 of 3rd period - Derick Brassard wins face-off versus Jeff Carter in Flyers zone.
9:42 of 3rd period - Snap shot by Patrick Kane.
9:42 of 3rd period - Shot Blocked by Dany Heatley.
11:14 of 3rd period - Slapshot by Jeff Woywitka.
11:14 of 3rd period - Shot Blocked by Joni Pitkanen.
11:29 of 3rd period - Penalty to Matthew Lombardi is over, Matthew Lombardi is back on ice.
12:05 of 3rd period - Wrist shot by Mats Zuccarello.
12:05 of 3rd period - Goal by Mats Zuccarello - Flyers : 3 - Blackhawks : 3.
12:06 of 3rd period - Derick Brassard wins face-off versus Jeff Carter in neutral zone.
12:06 of 3rd period - Patrick Kane is hit by Dany Heatley and loses puck.
12:13 of 3rd period - Slapshot by Patrick Kane.
12:13 of 3rd period - Stopped by Cory Schneider with a rebound.
12:15 of 3rd period - Slapshot by Joni Pitkanen.
12:15 of 3rd period - Shot Hit the Post.
13:12 of 3rd period - Carson Mcmillan is hit by Rickard Wallin and loses puck.
13:28 of 3rd period - Off-side.
13:29 of 3rd period - Jeff Carter wins face-off versus Derick Brassard in neutral zone.
13:36 of 3rd period - Wrist shot by Alexei Morozov.
13:36 of 3rd period - Deflect By Dany Heatley.
13:36 of 3rd period - Stopped by Jimmy Howard with a rebound.
13:38 of 3rd period - Wrist shot by Alexei Morozov.
13:38 of 3rd period - Stopped by Jimmy Howard without a rebound.
13:39 of 3rd period - Derick Brassard wins face-off versus Jeff Carter in Blackhawks zone.
13:39 of 3rd period - Derick Brassard is hit by Jeff Carter.
14:26 of 3rd period - Off-side.
14:27 of 3rd period - Matthew Lombardi wins face-off versus Kyle Brodziak in neutral zone.
14:32 of 3rd period - Joni Pitkanen is hit by Matthew Lombardi and loses puck.
14:45 of 3rd period - Slapshot by Ian White.
14:45 of 3rd period - Stopped by Cory Schneider without a rebound.
14:46 of 3rd period - Derick Brassard wins face-off versus Dany Heatley in Flyers zone.
15:01 of 3rd period - Wrist shot by Derick Brassard.
15:01 of 3rd period - Deflect By Patrick Kane.
15:01 of 3rd period - Shot Blocked by Jeff Carter.
15:01 of 3rd period - Puck is out of play.
15:02 of 3rd period - Derick Brassard wins face-off versus Matthew Lombardi in Flyers zone.
15:28 of 3rd period - Wrist shot by Jakub Voracek.
15:28 of 3rd period - Stopped by Jimmy Howard with a rebound.
15:30 of 3rd period - Slapshot by Jeff Woywitka.
15:30 of 3rd period - Shot Misses the Net.
15:56 of 3rd period - Snap shot by Jonathan Toews.
15:56 of 3rd period - Stopped by Cory Schneider without a rebound.
15:57 of 3rd period - Jonathan Toews wins face-off versus Matthew Lombardi in Flyers zone.
15:58 of 3rd period - Wrist shot by Jason Pominville.
15:58 of 3rd period - Shot Misses the Net.
16:00 of 3rd period - Slapshot by Jason Pominville.
16:00 of 3rd period - Goal by Jason Pominville - Flyers : 3 - Blackhawks : 4.
16:01 of 3rd period - Matthew Lombardi wins face-off versus Peter Regin in neutral zone.
16:04 of 3rd period - Slapshot by Jeff Woywitka.
16:04 of 3rd period - Shot Blocked by Tomas Fleischmann.
16:10 of 3rd period - Wrist shot by Brock Nelson.
16:10 of 3rd period - Goal by Brock Nelson - Flyers : 4 - Blackhawks : 4.
16:11 of 3rd period - Matthew Lombardi wins face-off versus Peter Regin in neutral zone.
16:53 of 3rd period - Minor Penalty to Alexei Morozov for Hooking.
16:54 of 3rd period - Derick Brassard wins face-off versus Jeff Carter in Flyers zone.
18:42 of 3rd period - Steve McCarthy is hit by Denis Grebeshkov and loses puck.
18:53 of 3rd period - Penalty to Alexei Morozov is over, Alexei Morozov is back on ice.
19:13 of 3rd period - Ryan O'Byrne is hit by Matthew Lombardi and loses puck.
19:24 of 3rd period - Nathan Paetsch is hit by Derick Brassard.
19:38 of 3rd period - Minor Penalty to Ryan Hollweg for Holding.
19:39 of 3rd period - Peter Regin wins face-off versus Kyle Wellwood in Blackhawks zone.
Goals for this period are 2 for Flyers vs 1 for Blackhawks.
Shots for this period are 12 for Flyers vs 10 for Blackhawks.

Overtime #1


0:01 of 1st overtime period - Peter Regin wins face-off versus Dany Heatley in neutral zone.
0:51 of 1st overtime period - Ryan O'Byrne is hit by Matt Smaby and loses puck.
1:38 of 1st overtime period - Penalty to Ryan Hollweg is over, Ryan Hollweg is back on ice.
1:51 of 1st overtime period - Snap shot by Mats Zuccarello.
1:51 of 1st overtime period - Shot Blocked by Carson Mcmillan.
1:53 of 1st overtime period - Wrist shot by Mats Zuccarello.
1:53 of 1st overtime period - Goal by Mats Zuccarello - Flyers : 5 - Blackhawks : 4.
Goals for this period are 1 for Flyers vs 0 for Blackhawks.
Shots for this period are 1 for Flyers vs 0 for Blackhawks.